 Dungeon Sprint DCSS version 0.24-a0-536-gdd4cf15 (webtiles) character file.

Game seed: 14248987388021102554

25 silentkaos13 the Sneak (level 3, -11/19 HPs)
             Began as a Kobold Enchanter on Aug 12, 2019.
             Mangled by an ogre
             ... wielding a +0 giant spiked club
              (30 damage)
             ... in the Dungeon (Sprint I: "Red Sonja").
             The game lasted 00:00:31 (44 turns).

silentkaos13 the Sneak (Kobold Enchanter)             Turns: 44, Time: 00:00:31

Health: -11/19     AC:  2    Str:  5    XL:     3   Next: 17%
Magic:  1/7        EV: 16    Int: 17    God:
Gold:   0          SH:  0    Dex: 15    Spells: 1/8 levels left

rFire    . . .     SeeInvis .   a - +1 dagger
rCold    . . .     Gourm    .   (shield restricted)
rNeg     . . .     Faith    .   b - +0 robe
rPois    .         Spirit   .   (no helmet)
rElec    .         Reflect  .   (no cloak)
rCorr    .         Harm     .   (no gloves)
MR       .....     NoTele   +   (no boots)
Stlth    +++.......             (no amulet)
HPRegen  0.06/turn              (no ring)
MPRegen  0.10/turn              (no ring)

@: berserk cooldown, slowed, very slow
A: small, carnivore
a: no special abilities


You were in the Dungeon.
You were not hungry.

You visited 1 branch

Inventory:

Hand Weapons
 a - a +1 dagger (weapon)
Armour
 b - a +0 robe (worn)
Wands
 c - a wand of polymorph (5)
Scrolls
 j - a scroll of blinking
Potions
 e - a potion of curing
 f - a potion of heal wounds
 g - a potion of haste
 h - 2 potions of magic
Comestibles
 d - a ration


   Skills:
 + Level 1.8 Short Blades
 + Level 3.2 Dodging
 + Level 6.0 Stealth
 + Level 0.3 Unarmed Combat
 + Level 3.1 Spellcasting
 + Level 4.6 Hexes


You had one spell level left.
You knew the following spells:

 Your Spells              Type           Power        Failure   Level  Hunger
a - Corona                Hex            ###....      2%          1    None
b - Confuse               Hex            ###.....     8%          3    ###....
c - Tukima's Dance        Hex            ###.....     8%          3    ###....

Your spell library contained the following spells:

 Spells                   Type           Power        Failure   Level  Hunger
 Ensorcelled Hibernation  Hex/Ice        ##....       10%         2    ##.....
 Dazzling Spray           Conj/Hex       ##....       21%         3    ###....


Dungeon Overview and Level Annotations

Branches:
Dungeon (1/1)

Altars:


Innate Abilities, Weirdness & Mutations

You are small and have problems with some larger weapons.
You are carnivorous and can eat meat at any time.


Message History

You finish memorising.
Spell assigned to 'c'.
You open the door.
An ogre comes into view. It is wielding a +0 giant spiked club.
The ogre shouts!
Cast which spell? (? or * to list)
Aiming: Confuse (safe; 8% risk of failure)
Press: ? - help, Shift-Dir - straight line, f - ogre
Aim: an ogre, wielding a +0 giant spiked club (chance to defeat MR: 49%)
The ogre resists with some effort.
The ogre misses you.
Casting: Confuse (safe; 8% risk of failure)
Confirm with . or Enter, or press ? or * to list all spells.
Aiming: Confuse (safe; 8% risk of failure)
Press: ? - help, Shift-Dir - straight line, f/p - ogre
Aim: an ogre, wielding a +0 giant spiked club (chance to defeat MR: 49%)
The ogre appears confused.
The ogre closely misses you.
You hit the ogre.
The ogre is lightly wounded.
The ogre hits you with a +0 giant spiked club!!
Ouch! That really hurt!
You die...

##########
#<.#.@O..#
#..'[.#..+
#..#### +#
#..# #..#
#..# #⌠⌠#
####


You could see an ogre (confused).

Vanquished Creatures
  Ijyb (D)
1 creature vanquished.

Notes
Turn   | Place    | Note
-------+----------+-------------------------------------------
     0 | D        | silentkaos13 the Kobold Enchanter began the quest for the
                  | Orb.
     0 | D        | Reached XP level 1. HP: 10/10 MP: 3/3
     1 | D        | Noticed Ijyb
    10 | D        | Killed Ijyb
    10 | D        | Reached skill level 6 in Stealth
    10 | D        | Reached XP level 2. HP: 15/15 MP: 4/6
    10 | D        | Reached XP level 3. HP: 19/19 MP: 4/7
    36 | D        | Learned a level 3 spell: Confuse
    40 | D        | Learned a level 3 spell: Tukima's Dance
    41 | D        | Noticed an ogre
    44 | D        | Mangled by an ogre

Levels and vault maps discovered:
D:        dungeon_sprint_1 [red_sonja_temple_1, red_sonja_temple_small_1]

Skill      XL: |  1 |
---------------+----+-----
Dodging        | 3 |  3.2
Stealth        | 6 |  6.0
Spellcasting   | 3 |  3.1
Hexes          | 4 |  4.6
Short Blades   | |  1.8
Unarmed Combat | |  0.3

Action                   || total
-------------------------++-------
Melee: Dagger            ||     5
       Unarmed           ||     3
 Cast: Confuse           ||     2
  Use: Potion            ||     1
Dodge: Dodged            ||     4

Table legend:
 A = Non-vault XP
 B = Vault XP
 C = Vault XP percentage of total XP
 D = Non-vault monster count
 E = Vault monster count
 F = Vault count percentage of total count
                 A         B        C        D         E       F
            +---------+---------+-------+---------+---------+-------
      Total |       0 |      36 | 100.0 |       0 |       1 | 100.0
            +---------+---------+-------+---------+---------+-------
          D |       0 |      36 | 100.0 |       0 |       1 | 100.0
            +---------+---------+-------+---------+---------+-------
